[Event "XVII Profigaia Open 2017"]
[Site "Gaia"]
[Date "2017.06.17"]
[Round "5"]
[White "Silva, Ana Ines Teixeira D"]
[Black "Quinta, Daniel"]
[Result "1-0"]
[ECO "B01"]
[WhiteElo "1775"]
[BlackElo "2064"]
[Annotator "NA RC"]
[PlyCount "71"]
[EventDate "2017.??.??"]
[EventType "swiss"]
[EventCountry "POR"]
[SourceTitle "playchess.com"]
[Source "ChessBase"]
[SourceQuality "1"]
[TimeControl "5400+30"]

1. e4 d5 2. exd5 Nf6 3. d4 Bg4 4. Bb5+ Nbd7 5. f3 Bf5 6. Nc3 a6 7. Ba4 b5 {[%emt 0:00:58] B01: Scandinavian Defence} 8. Bb3 Nb6 9. Nge2 Nbxd5 10. Nxd5 Nxd5 11. Ng3 Bg6 (11... Bc8 12. Ne4 e6 13. Bg5 Be7 14. Bxe7 Qxe7 15. Nc5 {1-0 (59) Petrosian,T (2616)-Laylo,D (2496) Chicago 2008}) 12. O-O e6 13. Ne4 Be7 14. c4 $146 ({Predecessor:} 14. c3 O-O 15. Kh1 {½-½ (54) Nielsen,D-Andersen,N Tastrup 2000}) 14... Nb6 15. Be3 O-O 16. Rc1 bxc4 17. Bxc4 Nxc4 18. Rxc4 Qd5 19. Rxc7 Bd8 20. Rc5 (20. Nc3 $14 Qa5 21. Rc4) 20... Qxa2 21. Rf2 Bb6 22. Nc3 Bxc5 23. Nxa2 Rfd8 24. Rd2 Bb6 25. Bf2 Rac8 26. Nc3 Ba5 27. Qa1 Bb4 28. Bh4 Re8 29. Qxa6 Bxc3 30. bxc3 Rxc3 31. Qb5 Rec8 32. Be7 f6 33. Bc5 Be8 34. Qb7 Rc6 35. Qe7 R6xc5 36. Qxe8# 1-0

[Event "XVII Profigaia Open 2017"]
[Site "Gaia"]
[Date "2017.06.17"]
[Round "5"]
[White "Areal, Pedro"]
[Black "Da Silva, Daniel Leite"]
[Result "1/2-1/2"]
[ECO "D31"]
[WhiteElo "1771"]
[BlackElo "2033"]
[Annotator "NA RC"]
[PlyCount "26"]
[EventDate "2017.??.??"]
[EventType "swiss"]
[EventCountry "POR"]
[SourceTitle "playchess.com"]
[Source "ChessBase"]
[SourceQuality "1"]
[TimeControl "5400+30"]

1. d4 d5 2. c4 e6 3. Nc3 Bb4 4. Qb3 Bxc3+ 5. Qxc3 Ne7 6. Bg5 f6 7. Bh4 Nd7 (7... c5 $5 8. e3 cxd4 9. exd4 Nbc6 $11) 8. e3 c6 9. Bd3 (9. Nf3 $14) 9... O-O 10. Qc2 h6 11. Nf3 e5 12. e4 (12. dxe5 $11 {remains equal.} Nxe5 13. Nxe5 fxe5 14. O-O) 12... dxe4 13. Bxe4 g5 $17 1/2-1/2

[Event "XVII Profigaia Open 2017"]
[Site "Gaia"]
[Date "2017.06.17"]
[Round "5"]
[White "Oliveira, Maria Alice Ramos M"]
[Black "Pipiras, Filipa Fortuna"]
[Result "1/2-1/2"]
[ECO "C77"]
[WhiteElo "1561"]
[BlackElo "1641"]
[Annotator "NA RC"]
[PlyCount "61"]
[EventDate "2017.??.??"]
[EventType "swiss"]
[EventCountry "POR"]
[SourceTitle "playchess.com"]
[Source "ChessBase"]
[SourceQuality "1"]
[TimeControl "5400+30"]

1. e4 e5 2. Nf3 Nc6 3. Bb5 a6 4. Ba4 Nf6 5. d3 b5 6. Bb3 Be7 7. c3 O-O 8. O-O d6 9. Nbd2 Na5 10. Bc2 c5 11. Re1 Re8 12. Nf1 h6 13. Ng3 Kh7 14. h3 Bf8 15. Nh2 g6 16. Qe2 Nc6 17. Bb3 Qc7 18. Qf3 Bg7 19. Ng4 Nxg4 20. hxg4 Rf8 21. g5 Qe7 22. Bd5 Bd7 23. Bxc6 Bxc6 24. gxh6 Bxh6 25. Nf5 gxf5 26. Qxf5+ Kg7 27. Qg4+ Kh7 28. Qf5+ Kg7 29. Qg4+ Kh7 30. Qf5+ Kg7 31. Qg4+ 1/2-1/2

[Event "XVII Profigaia Open 2017"]
[Site "Gaia"]
[Date "2017.06.17"]
[Round "5"]
[White "Da Silva, Pedro Vieira Prado"]
[Black "Figueiredo, Bruno"]
[Result "0-1"]
[ECO "B35"]
[WhiteElo "1521"]
[BlackElo "1914"]
[Annotator "NA RC"]
[PlyCount "42"]
[EventDate "2017.??.??"]
[EventType "swiss"]
[EventCountry "POR"]
[SourceTitle "playchess.com"]
[Source "ChessBase"]
[SourceQuality "1"]
[TimeControl "5400+30"]

1. e4 c5 2. Nf3 Nc6 3. d4 cxd4 4. Nxd4 g6 5. Nc3 Bg7 6. Be3 Nf6 7. Bc4 Qa5 8. O-O O-O 9. Qd2 {[%emt 0:00:18] B35: Sicilian: Accelerated Dragon with 5 Nc3: main line} (9. Nd5 Nxd5 10. exd5 Ne5 11. Nb3 Qc7 12. Be2 d6 13. Bd4 Nd7 14. Bxg7 Kxg7 15. c4 Nf6 16. Rc1 a5 17. Re1 {½-½ (24) Shirov,A (2673)-Mamedov,R (2688) Tallinn 2016}) 9... Ng4 10. Nxc6 bxc6 11. Bd4 Ne5 $146 ({Predecessor:} 11... Qc7 12. f4 Bxd4+ 13. Qxd4 Qb6 14. Qxb6 axb6 15. Rfe1 Nf6 16. e5 Nh5 {1-0 (87) Grot,B (1163)-Klonov,J (1232) Kouty nad Desnou 2016}) 12. Bb3 Ba6 13. Rfd1 d6 14. f4 Ng4 15. Bxg7 Kxg7 16. Qd4+ e5 17. Qd2 Qb6+ 18. Kh1 Nf2+ $19 19. Kg1 Nxd1+ 20. Kh1 Nf2+ 21. Kg1 Nxe4+ 0-1

[Event "XVII Profigaia Open 2017"]
[Site "Gaia"]
[Date "2017.06.17"]
[Round "5"]
[White "Clemente, António Manuel"]
[Black "Silva, Pedro Gil Ferreira "]
[Result "0-1"]
[ECO "C68"]
[WhiteElo "1393"]
[BlackElo "1592"]
[Annotator "NA RC"]
[PlyCount "98"]
[EventDate "2017.??.??"]
[EventType "swiss"]
[EventCountry "POR"]
[SourceTitle "playchess.com"]
[Source "ChessBase"]
[SourceQuality "1"]
[TimeControl "5400+30"]

1. e4 e5 2. Nf3 Nc6 3. Bb5 a6 4. Bxc6 dxc6 5. O-O f6 6. d4 exd4 7. Qxd4 Qxd4 8. Nxd4 c5 9. Ne2 Be6 10. Rd1 Bd6 11. Nbc3 O-O-O 12. Bf4 Be7 13. h3 Rxd1+ 14. Rxd1 h5 15. b3 g5 16. Bh2 Nh6 17. f3 c4 18. Nd5 Bc5+ 19. Kf1 Rd8 20. Ndc3 Rxd1+ 21. Nxd1 f5 22. Bg1 Bxg1 23. Kxg1 Kd7 24. Nd4 c5 25. Nxe6 Kxe6 26. exf5+ Nxf5 27. Kf2 cxb3 28. cxb3 b5 29. Ne3 Nxe3 30. Kxe3 Ke5 31. g3 h4 32. gxh4 gxh4 33. a3 a5 34. f4+ Kf5 35. Kf3 a4 36. bxa4 bxa4 37. Ke3 c4 38. Kd4 Kxf4 39. Kxc4 Kg3 40. Kb4 Kxh3 41. Kxa4 Kg3 42. Kb5 h3 43. a4 h2 44. a5 h1=Q 45. a6 Qa8 46. Kb6 Kf4 47. a7 Ke5 48. Ka6 Qc6+ 49. Ka5 Qb7 0-1

[Event "XVII Profigaia Open 2017"]
[Site "Gaia"]
[Date "2017.06.17"]
[Round "5"]
[White "Marrios, Ruben"]
[Black "Silva, Joao Miguel Carvalh"]
[Result "1-0"]
[ECO "D35"]
[WhiteElo "1315"]
[BlackElo "1502"]
[Annotator "NA RC"]
[PlyCount "91"]
[EventDate "2017.??.??"]
[EventType "swiss"]
[EventCountry "POR"]
[SourceTitle "playchess.com"]
[Source "ChessBase"]
[SourceQuality "1"]
[TimeControl "5400+30"]

1. d4 d5 2. c4 Nf6 3. Nc3 e6 4. e3 Bb4 5. Bd3 O-O 6. Nge2 b6 7. a3 Bxc3+ 8. Nxc3 Bb7 9. O-O c5 10. cxd5 exd5 11. Ne2 Ng4 12. Qc2 Qh4 13. h3 c4 14. Bxh7+ Qxh7 15. Qxh7+ Kxh7 16. hxg4 Ba6 17. Nc3 Rd8 18. Re1 Bc8 19. f3 Nc6 20. Bd2 Ne7 21. Kf2 Kg6 22. e4 f6 23. e5 Nc6 24. exf6 Kxf6 25. Be3 Rf8 26. Nxd5+ Kg6 27. Kg3 Be6 28. Nc7 Bg8 29. Nxa8 Rxa8 30. Rad1 Ne7 31. f4 Rf8 32. f5+ Kf7 33. Bg5 Nd5 34. Re5 Nf6 35. d5 Rd8 36. d6 Bh7 37. Re7+ Kg8 38. Bxf6 gxf6 39. d7 Kf8 40. Rxh7 Kg8 41. Re7 Kf8 42. Re8+ Rxe8 43. dxe8=Q+ Kxe8 44. Kf4 Kf7 45. g5 fxg5+ 46. Kxg5 1-0

[Event "XVII Profigaia Open 2017"]
[Site "Gaia"]
[Date "2017.06.17"]
[Round "5"]
[White "Triunfante, Armando"]
[Black "Sa, Luis Afonso"]
[Result "0-1"]
[ECO "B20"]
[WhiteElo "1231"]
[BlackElo "1537"]
[Annotator "NA RC"]
[PlyCount "74"]
[EventDate "2017.??.??"]
[EventType "swiss"]
[EventCountry "POR"]
[SourceTitle "playchess.com"]
[Source "ChessBase"]
[SourceQuality "1"]
[TimeControl "5400+30"]

1. e4 c5 2. Bc4 Nc6 3. Nf3 g6 4. O-O Bg7 5. c3 d6 6. h3 Nf6 7. Re1 O-O 8. d4 cxd4 9. cxd4 Nd7 10. Nc3 Nb6 11. Bb3 Bd7 12. Bg5 Na5 13. Rc1 Rc8 14. e5 dxe5 15. Nxe5 Nxb3 16. Nxd7 Nxc1 17. Nxf8 Bxf8 18. Bxc1 e6 19. Be3 Bg7 20. Qd2 Nc4 21. Qc1 Bxd4 22. Rd1 e5 23. b3 Nxe3 24. fxe3 Rxc3 25. Qxc3 Bxe3+ 26. Kh2 Qxd1 27. Qxe3 Qd4 28. Qxd4 exd4 29. Kg3 Kg7 30. Kf3 Kf6 31. Ke4 d3 32. Kxd3 Ke5 33. a4 Kf4 34. Kc4 Kg3 35. Kc5 Kxg2 36. Kd6 f5 37. Ke5 Kg3 0-1

[Event "XVII Profigaia Open 2017"]
[Site "Gaia"]
[Date "2017.06.17"]
[Round "5"]
[White "Filipe, Guilherme Castro"]
[Black "Alves, Damiao Fernando"]
[Result "0-1"]
[ECO "C92"]
[WhiteElo "1145"]
[BlackElo "1368"]
[Annotator "NA RC"]
[PlyCount "62"]
[EventDate "2017.??.??"]
[EventType "swiss"]
[EventCountry "POR"]
[SourceTitle "playchess.com"]
[Source "ChessBase"]
[SourceQuality "1"]
[TimeControl "5400+30"]

1. e4 e5 2. Nf3 Nc6 3. Bb5 a6 4. Ba4 Nf6 5. O-O Be7 6. Re1 b5 7. Bb3 O-O 8. h3 d6 9. c3 Re8 10. d4 h6 11. Nbd2 exd4 12. cxd4 Na5 13. Bc2 c5 14. Nf1 Bf8 15. Ng3 g6 16. Qd3 c4 17. Qd2 Nc6 18. d5 Ne5 19. Qc3 Bg7 20. Bf4 Nfd7 21. Qd2 Kh7 22. Nd4 Bb7 23. Qb4 Nc5 24. Rad1 Ncd3 25. Bxd3 Nxd3 26. Rxd3 cxd3 27. Bxd6 Bxd4 28. Qxd4 Qxd6 29. a3 Bxd5 30. Qxd5 Qxd5 31. exd5 Rxe1+ 0-1

[Event "XVII Profigaia Open 2017"]
[Site "Gaia"]
[Date "2017.06.17"]
[Round "5"]
[White "Oliveira, Maria Elisa Ramos M"]
[Black "Pedroso, Manuel"]
[Result "1-0"]
[ECO "B13"]
[WhiteElo "1137"]
[BlackElo "1285"]
[Annotator "NA RC"]
[PlyCount "69"]
[EventDate "2017.??.??"]
[EventType "swiss"]
[EventCountry "POR"]
[SourceTitle "playchess.com"]
[Source "ChessBase"]
[SourceQuality "1"]
[TimeControl "5400+30"]

1. e4 c6 2. d4 d5 3. exd5 cxd5 4. Nc3 g6 5. Be3 Bg7 6. Nf3 Bg4 7. Be2 Nh6 8. h3 Bxf3 9. Bxf3 e6 10. g4 f6 11. Qd2 Nf7 12. Qd3 O-O 13. Ne2 e5 14. Bg2 e4 15. Qd2 Qb6 16. c3 Nc6 17. Nf4 Rfe8 18. O-O Rad8 19. Kh1 Na5 20. b3 Qb5 21. Rfe1 Qd7 22. c4 b6 23. cxd5 g5 24. Ne6 Rc8 25. Nxg7 Kxg7 26. f3 exf3 27. Bxf3 Nb7 28. Rac1 Rcd8 29. Bf2 h5 30. Rxe8 Rxe8 31. Bg3 hxg4 32. hxg4 Rh8+ 33. Kg2 Nbd6 34. Bxd6 Qxd6 35. Rh1 1-0

[Event "XVII Profigaia Open 2017"]
[Site "Gaia"]
[Date "2017.06.17"]
[Round "6"]
[White "Quinta, Daniel"]
[Black "De Souza Monteiro, Marcos Paulo"]
[Result "1-0"]
[ECO "B22"]
[WhiteElo "2064"]
[BlackElo "1961"]
[Annotator "NA"]
[PlyCount "83"]
[EventDate "2017.??.??"]
[EventType "swiss"]
[EventCountry "POR"]
[SourceTitle "playchess.com"]
[Source "ChessBase"]
[SourceQuality "1"]
[TimeControl "5400+30"]

1. e4 c5 2. c3 d5 3. exd5 Qxd5 4. d4 Nf6 5. Nf3 Bg4 6. Be2 e6 7. O-O Nc6 8. h3 Bh5 9. Na3 cxd4 10. Nb5 $1 {[%emt 0:00:31] LiveBook: 23 Games} Qd7 {[%emt 0:00:58] B22: Sicilian: 2 c3} (10... Qd8 11. Nfxd4 Bxe2 12. Qxe2 Nxd4 13. Nxd4 a6 14. Rd1 Qc7 15. Bg5 Be7 16. Rd3 O-O 17. Rad1 Rfe8 18. b3 {½-½ (42) Schneider,I (2500)-Voekler,B (2393) Germany 2010}) 11. Bf4 Nd5 $146 ({Predecessor:} 11... Rc8 12. Nbxd4 Nxd4 13. Nxd4 Bxe2 14. Qxe2 Bc5 15. Nb3 Nd5 16. Be5 O-O 17. Nxc5 Rxc5 18. Rfd1 {1-0 (29) Thorarensen,A (1686)-Thorisson,B (1057) Reykjavik 2017}) 12. Bg3 dxc3 13. bxc3 a6 14. c4 axb5 15. cxd5 Qxd5 16. Qxd5 exd5 17. Bxb5 Bxf3 18. gxf3 Ra5 (18... Bb4 $11 {remains equal.}) 19. a4 Ra8 $2 (19... Be7 $16) 20. Rfe1+ Kd8 21. Rad1 Bb4 22. Rxd5+ Kc8 23. Red1 (23. Rc1 $18 {and White stays clearly on top.}) 23... Re8 24. Kf1 f6 25. Rd7 (25. Rc1 $18) 25... Re1+ 26. Kg2 Rxd1 27. Rxd1 Ba5 28. Bf4 Bc7 29. Be3 Ba5 30. h4 Kc7 31. Bf4+ Kc8 32. h5 Bc7 33. Be3 Bb8 34. Bd3 ({White should try} 34. Bc4 $18 Nd8 35. h6 gxh6 36. Bb5) 34... Bc7 35. Bxh7 Rxa4 $2 (35... Ra5 $16 36. Rh1 Ne7) 36. Bf5+ Kb8 37. Rd7 Bf4 38. Rxg7 Bxe3 39. fxe3 Rh4 40. Bg4 b5 41. Kg3 Rh1 42. Bh3 $18 1-0

[Event "XVII Profigaia Open 2017"]
[Site "Gaia"]
[Date "2017.06.17"]
[Round "6"]
[White "Da Silva, Daniel Leite"]
[Black "De Sousa Da Silva, Armando"]
[Result "1/2-1/2"]
[ECO "B01"]
[WhiteElo "2033"]
[BlackElo "1926"]
[Annotator "NA RC"]
[PlyCount "92"]
[EventDate "2017.??.??"]
[EventType "swiss"]
[EventCountry "POR"]
[SourceTitle "playchess.com"]
[Source "ChessBase"]
[SourceQuality "1"]
[TimeControl "5400+30"]

1. e4 d5 2. exd5 Qxd5 3. Nc3 Qd6 4. Nf3 Nf6 5. d3 {[%emt 0:01:11] B01: Scandinavian Defence} (5. h3 g6 6. Bc4 Bg7 7. d3 O-O 8. O-O a6 9. a4 c5 10. Re1 Nc6 11. Ne4 Nxe4 12. dxe4 Nd4 {1-0 (53) Anton Guijarro,D (2627)-Vakhidov,J (2578) Almaty 2016}) 5... Bg4 6. Be2 Nc6 7. Be3 a6 8. Nd2 $146 ({Predecessor:} 8. Qd2 e5 9. O-O-O Be7 10. h3 Bxf3 11. Bxf3 O-O-O 12. g4 {½-½ (77) Kavon,R (1879)-Petrik,K (2082) Slovakia 2012}) 8... Bxe2 9. Qxe2 Nd4 10. Bxd4 Qxd4 11. O-O e6 12. a3 Be7 13. Nb3 Qh4 14. Rae1 O-O 15. Ne4 b6 16. Nbd2 (16. g3 $5 Qh3 17. d4 $11) 16... Rad8 17. Nc3 Bd6 18. g3 Qh3 19. Nc4 Bc5 20. Ne3 Rd4 21. Rd1 b5 22. b4 Bd6 (22... Bb6 $15) 23. Qf3 Rd8 24. Ne2 Rh4 25. Qg2 Qxg2+ 26. Kxg2 Rh5 27. f4 Nd5 28. Nxd5 Rxd5 29. Nc3 Rd4 30. Ne2 Rd5 31. Nc3 Rh5 32. Rde1 Kf8 33. g4 Rh6 34. Ne4 g5 (34... Re8 $14) 35. Nxd6 Rxd6 36. fxg5 Rg6 37. h4 h6 38. Kh3 hxg5 39. h5 Rh6 {[%emt 0:00:38] [#]} ({Black should play} 39... Rg7) 40. Re5 $1 f5 41. gxf5 Rxh5+ 42. Kg4 Rh2 43. fxe6+ Ke8 44. e7 ({Resist} 44. Rxg5 $6 Rxc2 45. Kf5 Rd5+ 46. Kf6 Rxg5 $14) 44... Rh8 45. Kxg5 $16 Rg8+ 46. Kf5 Rg7 1/2-1/2

[Event "XVII Profigaia Open 2017"]
[Site "Gaia"]
[Date "2017.06.17"]
[Round "6"]
[White "Pintor, Simao Maciel Abranc"]
[Black "Silva, Ana Ines Teixeira D"]
[Result "0-1"]
[ECO "A05"]
[WhiteElo "2022"]
[BlackElo "1775"]
[Annotator "NA"]
[PlyCount "88"]
[EventDate "2017.??.??"]
[EventType "swiss"]
[EventCountry "POR"]
[SourceTitle "playchess.com"]
[Source "ChessBase"]
[SourceQuality "1"]
[TimeControl "5400+30"]

1. Nf3 Nf6 2. g3 g6 3. b3 Bg7 4. Bb2 O-O 5. Bg2 d5 6. O-O c6 7. c4 Nbd7 8. d4 b6 9. Nc3 {[%emt 0:00:18] D78: Fianchetto Grünfeld: 6 0-0 c6} Bb7 10. Qc2 Rc8 (10... e6 11. cxd5 exd5 12. Rfd1 Re8 13. e3 a5 14. Rac1 Rc8 15. Qb1 Ba6 {1-0 (61) Yu,Y (2734)-Nepomniachtchi,I (2725) Danzhou 2016}) 11. e4 dxe4 {[%emt 0:02:05] LiveBook: 3 Games} 12. Nxe4 c5 13. d5 $146 ({Predecessor:} 13. Nxf6+ Bxf6 14. d5 Qc7 15. Rfe1 Rfe8 16. Re3 Rcd8 17. Rae1 Qb8 18. h4 {1-0 (31) Banusz,T (2596)-Kummer,H (2331) Austria 2014}) 13... Nxe4 14. Bxg7 Kxg7 15. Qxe4 e6 16. Qd3 exd5 17. cxd5 Nf6 18. Qc3 Qxd5 (18... Qd6 $11) 19. Nh4 Qd7 20. Bxb7 $2 (20. Rad1 $16 {keeps the pressure on.} Qc7 21. g4 (21. Bxb7 Qxb7 22. g4 Qe4 $11)) 20... Qxb7 21. f4 Qe4 22. Rad1 Rcd8 23. Nf3 Rfe8 24. Ng5 Qb4 25. Qb2 {[%emt 0:02:12] [#]} Rxd1 $1 26. Rxd1 c4 27. Nf3 Qc5+ 28. Kg2 $2 (28. Qf2 {nothing else works.}) 28... c3 29. Qc2 Nd5 $2 (29... Ng4 30. b4 Ne3+ 31. Kg1 Qc4) 30. Rxd5 Qxd5 31. Qxc3+ Kg8 32. Kf2 Qe4 33. Ne5 Qf5 34. Kf3 Rc8 35. Qd4 Qh5+ 36. g4 (36. Ng4 $142) 36... Qh3+ 37. Ke2 Rc2+ 38. Kd1 Rxa2 $19 (38... Qxh2 $142 39. Qe3 Rxa2 40. Nd3 Qc2+ 41. Ke1 Ra1+ 42. Nc1 Rxc1+ 43. Qxc1 Qxc1+ 44. Ke2 Qxf4 45. g5 Qxg5 46. Kd3 Qg4 47. Kd2 h5 48. b4 Qxb4+ 49. Ke3 h4 50. Kf2 Qd2+ 51. Kf3 Qe1 52. Kf4 Qe2 53. Kg5 Qf2 54. Kh6 Qf4#) 39. Qc4 Ra1+ 40. Ke2 Qf1+ 41. Ke3 Re1+ 42. Kd2 Qf2+ 43. Kd3 Re3+ 44. Kd4 Qxf4+ 0-1

[Event "XVII Profigaia Open 2017"]
[Site "Gaia"]
[Date "2017.06.17"]
[Round "6"]
[White "Figueiredo, Bruno"]
[Black "Andrade, Nuno Filipe"]
[Result "1/2-1/2"]
[ECO "A06"]
[WhiteElo "1914"]
[BlackElo "1765"]
[Annotator "NA RC"]
[PlyCount "52"]
[EventDate "2017.??.??"]
[EventType "swiss"]
[EventCountry "POR"]
[SourceTitle "playchess.com"]
[Source "ChessBase"]
[SourceQuality "1"]
[TimeControl "5400+30"]

1. Nf3 d5 2. g3 Nf6 3. Bg2 g6 4. O-O Bg7 5. d4 O-O 6. Ne5 Nbd7 7. c4 c6 8. Nc3 {[%emt 0:00:26] D78: Fianchetto Grünfeld: 6 0-0 c6} Nb6 (8... Nxe5 9. dxe5 Ne4 10. cxd5 Nxc3 11. bxc3 cxd5 12. f4 Be6 13. Be3 f6 14. Qb3 fxe5 15. Rad1 Qc7 16. Bxd5 Bxd5 17. Rxd5 Kh8 18. fxe5 Rxf1+ 19. Kxf1 e6 {½-½ (37) Kramnik,V (2810)-Ding,L (2764) Novi Sad 2016}) 9. b3 Ng4 10. Nxg4 Bxg4 11. cxd5 Nxd5 12. Nxd5 cxd5 13. h3 $146 ({Predecessor:} 13. Qd2 Qb6 14. e3 Rfd8 15. Ba3 Bf6 16. Rfc1 {1-0 (30) Merkesvik,S (2263)-Garberg,T (1989) Helsingor 2016}) 13... Bf5 14. g4 Be6 15. Ba3 Qd7 16. Qd3 Rfe8 17. Rac1 (17. f4 $5 f6 18. f5 gxf5 19. gxf5 $11) 17... Rac8 18. f4 f5 19. g5 Bf8 20. h4 Rxc1 21. Rxc1 Rc8 22. Rxc8 Qxc8 23. Qb5 Qc3 24. Qxb7 (24. Bf3 $11) 24... Qe1+ $15 (24... Qxd4+ $17 25. Kf1 Qxf4+ 26. Bf3 Kf7 27. Qxa7 Qxh4) 25. Bf1 Qg3+ 26. Bg2 Qe1+ 1/2-1/2

[Event "XVII Profigaia Open 2017"]
[Site "Gaia"]
[Date "2017.06.17"]
[Round "6"]
[White "Da Silva Junior, Antonio Gomes"]
[Black "Da Silva, Pedro Vieira Prado"]
[Result "0-1"]
[ECO "B23"]
[WhiteElo "1846"]
[BlackElo "1521"]
[Annotator "NA RC"]
[PlyCount "109"]
[EventDate "2017.??.??"]
[EventType "swiss"]
[EventCountry "POR"]
[SourceTitle "playchess.com"]
[Source "ChessBase"]
[SourceQuality "1"]
[TimeControl "5400+30"]

1. e4 c5 2. Nc3 e6 3. Bc4 Nc6 4. Nf3 Nf6 5. d3 d5 6. exd5 {[%emt 0:01:32] B30: Sicilian: 2...Nc6 3 Bb5, lines without ...g6} (6. Bb5 Be7 7. Ne5 Qb6 8. O-O O-O 9. Bxc6 bxc6 10. Bf4 Ne8 11. Na4 Qa6 12. b3 f6 13. Nf3 e5 {0-1 (42) Onem,C (2283)-Fekih,B (2360) ICCF email 2006}) 6... exd5 7. Bb5 d4 8. Qe2+ (8. Bxc6+ $5 bxc6 9. Qe2+ Qe7 10. Qxe7+ Bxe7 11. Na4 $11) 8... Be7 9. Ne4 Nxe4 $146 ({Much weaker is} 9... Qa5+ $6 10. Bd2 $16) ({Predecessor:} 9... O-O 10. O-O Bd7 11. Nxf6+ Bxf6 12. Re1 Re8 13. Qd1 Qc7 {0-1 (75) Goellner,S (924)-Lorenz,N (1219) Winterberg 2002}) 10. Qxe4 $4 (10. Bxc6+ $15 bxc6 11. Qxe4) 10... Qa5+ 11. Bd2 Qxb5 12. b3 Nb4 13. Bxb4 Qxb4+ 14. Nd2 Qc3 15. Rc1 Qb2 (15... Qa5 $142 16. f4 Qc7) 16. O-O Qxa2 17. Rfe1 Be6 18. Qxb7 Rd8 19. Qc6+ $2 (19. Nc4 $1 $11) 19... Kf8 20. Qc7 Rc8 21. Qb7 Qa3 22. Ra1 Qb4 23. Qxb4 cxb4 24. Nc4 Bxc4 25. bxc4 Bc5 26. Kf1 f6 27. Ra6 Kf7 28. Ree6 Rhe8 29. Rxe8 (29. Rec6) 29... Rxe8 30. Rc6 Re5 31. g3 (31. f4 $142 Rf5 32. Ke2) 31... a5 32. f4 Rf5 33. Kf2 Be7 34. h4 Rc5 35. Ra6 g5 36. hxg5 fxg5 37. Rh6 a4 38. Rxh7+ Ke6 39. Rh6+ Bf6 40. fxg5 Rxg5 41. Rh1 a3 42. Kf3 Rf5+ 43. Kg2 Re5 44. Kf2 Bg5 45. Kf3 Re3+ 46. Kf2 {[%emt 0:00:41] [#]} b3 $1 47. cxb3 Rxd3 48. c5 Rxb3 49. Ra1 Rb2+ 50. Kf3 d3 51. Rxa3 d2 52. Ke2 Kd5 53. Ra5 Rb1 54. c6+ Kxc6 55. Ra6+ {Kd6 Kd1+} 0-1

[Event "XVII Profigaia Open 2017"]
[Site "Gaia"]
[Date "2017.06.17"]
[Round "6"]
[White "Catarro, Jose Joao Dias"]
[Black "Margarido, Jose Miguel Teixeir"]
[Result "1/2-1/2"]
[ECO "A00"]
[WhiteElo "1833"]
[BlackElo "2038"]
[Annotator "NA RC"]
[PlyCount "140"]
[EventDate "2017.??.??"]
[EventType "swiss"]
[EventCountry "POR"]
[SourceTitle "playchess.com"]
[Source "ChessBase"]
[SourceQuality "1"]
[TimeControl "5400+30"]

1. b4 e5 2. Bb2 Bxb4 3. Bxe5 Nf6 4. e3 Nc6 5. Bc3 {[%emt 0:01:03] A00: Irregular Openings} (5. Bb2 d5 6. Nf3 O-O 7. c4 Re8 8. cxd5 Nxd5 9. Be2 Qe7 10. O-O Bf5 11. a3 Ba5 12. Qa4 a6 13. Nd4 Nxd4 14. Qxd4 Nf6 15. Qf4 Bg6 {0-1 (54) Hecht,H (2336)-Spornberger,M (2303) Austria 2014}) 5... O-O 6. Nf3 d5 7. Be2 Bd6 8. Bb2 $146 ({Predecessor:} 8. d3 Re8 9. O-O Ng4 10. h3 Nge5 11. Re1 Qf6 12. Nh2 Qh4 {0-1 (65) Larios Villa,F (1973)-Gella Lopez,A (2132) Spain 2006}) 8... Qe7 9. O-O Ne5 10. Bxe5 Bxe5 11. d4 Bd6 12. Nbd2 (12. c4 $5 c6 13. Nc3 $11) 12... c6 13. c4 Bf5 14. Re1 Rad8 15. a4 Rfe8 16. Qb3 dxc4 17. Bxc4 Ne4 18. Nf1 Bb8 19. a5 Bc8 20. Rab1 Bd6 21. Bd3 h6 22. Ng3 Nxg3 23. hxg3 a6 24. Nd2 Bc7 25. Nc4 Rd5 (25... h5 $15) 26. Nb6 Bxb6 $1 27. axb6 Be6 28. Qc3 Qd8 29. Red1 Re7 30. Be2 Bf5 31. Rb2 Be4 (31... c5 $5) 32. f3 Bg6 33. Kf2 c5 34. Bc4 cxd4 35. Rxd4 Rxd4 36. exd4 Rd7 37. d5 (37. Bxa6 $5 Kh8 38. Rb4 $14) 37... Rd6 (37... Kh7 $11 {remains equal.}) 38. Qb4 f6 39. Qc5 Bf7 40. Qc7 Rd7 41. Qxd8+ Rxd8 42. Rd2 Rd6 (42... Kf8 $1 $15) 43. Bxa6 bxa6 44. b7 Rb6 $1 45. d6 Be6 46. d7 Bxd7 $1 47. Rxd7 Kh7 $1 48. Rd6 Rxb7 49. Rxa6 Rb2+ 50. Kg1 Kg6 51. Ra7 Rc2 52. g4 Kh7 53. Kh2 Rc5 54. Kg3 Rc2 55. Re7 Ra2 56. Rd7 Rc2 57. Ra7 Rc5 58. Rf7 h5 (58... Kg6 $5 59. Rb7 Rc2 $11) 59. gxh5 Rxh5 60. Ra7 Rb5 61. Re7 Kh6 62. Re6 Kg5 63. Re7 g6 64. Rh7 Rb1 65. Rc7 Rb5 66. Rc4 Kf5 67. Re4 g5 68. Re7 Ra5 69. Re4 Rb5 $11 70. Re7 Ra5 1/2-1/2

[Event "XVII Profigaia Open 2017"]
[Site "Gaia"]
[Date "2017.06.17"]
[Round "6"]
[White "Andrade, Ricardo Sarmento"]
[Black "Santos, Ricardo"]
[Result "0-1"]
[ECO "C54"]
[WhiteElo "1754"]
[BlackElo "2088"]
[Annotator "NA RC"]
[PlyCount "86"]
[EventDate "2017.??.??"]
[EventType "swiss"]
[EventCountry "POR"]
[SourceTitle "playchess.com"]
[Source "ChessBase"]
[SourceQuality "1"]
[TimeControl "5400+30"]

1. e4 e5 2. Nf3 Nc6 3. Bc4 Bc5 4. c3 Nf6 5. d3 a6 6. Bb3 d6 7. h3 {[%emt 0:00:10] C54: Giuoco Piano: 4 c3 Nf6, main lines with 5 d4 and 5 d3} (7. Nbd2 O-O 8. O-O Re8 9. Re1 Be6 10. h3 h6 11. Nc4 Ba7 12. Be3 b5 13. Ncd2 Bxe3 14. Rxe3 d5 15. Re1 dxe4 16. dxe4 {0-1 (70) Ivanchuk,V (2710)-Dominguez Perez,L (2732) Huaian 2016}) 7... O-O 8. Bg5 Re8 9. Nbd2 Be6 10. O-O h6 11. Bh4 Bxb3 12. axb3 g5 $146 ({Predecessor:} 12... Re6 13. Re1 g5 14. Bxg5 hxg5 15. Nxg5 {½-½ (26) Rios,C (2409)-Castro Rojas,O (2369) Santa Rosa 2011}) 13. Bg3 Nh5 14. Kh2 Nf4 15. Bxf4 gxf4 16. g3 Qf6 $1 17. Nh4 Ne7 18. Qg4+ (18. Ng2 $14) 18... Kh7 19. Ndf3 $2 (19. Qf3 $11) 19... Rg8 20. Qh5 {[%emt 0:00:17] [#]} Bxf2 $1 21. g4 Bg3+ 22. Kh1 Bxh4 23. Qxh4 Qxh4 24. Nxh4 {[%emt 0:00:03] [#]} h5 $1 25. Rg1 hxg4 26. Rxg4 Rxg4 27. hxg4 Rh8 28. Kg2 Kg7 29. Nf3 Ng6 30. Rh1 Rxh1 31. Kxh1 Nf8 32. Kg2 Ne6 33. d4 exd4 34. cxd4 Kg6 35. b4 Ng5 36. Nd2 Kf6 37. Kf2 b6 38. Ke2 Ne6 39. Nf3 c5 40. bxc5 bxc5 41. dxc5 Nxc5 $19 42. Nd2 Kg5 43. Kf3 Nd3 0-1